[Event "AI Cup Div-1 2023"]
[Site "Online"]
[Date "2023.09.27"]
[Round "52.1"]
[White "Mamedyarov, Shakhriyar"]
[Black "Giri, Anish"]
[Result "0-1"]
[Annotator "TA"]
[ECO "A30"]
[WhiteElo "2734"]
[BlackElo "2760"]
[PlyCount "114"]
[EventDate "2023.09.18"]
[EventType "k.o."]
[EventCountry "NET"]
[SourceTitle "playchess.com"]
[Source "ChessBase"]
[SourceQuality "1"]
[TimeControl "900+3"]

1. Nf3 c5 2. e3 Nf6 3. b3 g6 4. Bb2 Bg7 5. c4 O-O 6. Be2 Nc6 7. O-O d5 8. cxd5 Qxd5 9. Nc3 Qf5 10. d4 Rd8 {[%emt 0:01:02] [#]} 11. Re1 $146 {[%emt 0:00:28] A30: Symmetrical English: Double Fianchetto and Hedgehog.} ({Predecessor:} 11. Na4 cxd4 12. Nxd4 Nxd4 13. exd4 Nd5 14. Bf3 Nf4 15. Re1 e5 16. d5 Qg5 17. Kh1 Bf5 18. Bxe5 Nd3 19. Bg3 Nxe1 20. Qxe1 Bxa1 21. Qxa1 Rac8 22. h4 Rc1+ {0-1 Sadovsky,A (2408)-Korobov,A (2692) Titled Tuesday intern op 19th Jan blitz 2021 (2)}) 11... cxd4 12. exd4 {[%emt 0:00:40] [#]} (12. Nxd4 $11 {keeps the balance.} Nxd4 13. exd4) 12... Qf4 {[%emt 0:02:19] Black has more active pieces.} (12... Nh5 $1 $17 13. Bd3 Qa5) 13. g3 {[%emt 0:00:58] Black has an edge.} Qd6 14. Nb5 Qb8 15. Rc1 a6 16. Na3 Bg4 17. Nc4 Nd5 {[%emt 0:00:54] Prevents Nb6.} 18. Qd2 e6 19. Nfe5 Bxe2 20. Nxc6 bxc6 21. Qxe2 a5 22. Ne5 Bxe5 23. dxe5 a4 24. Qf3 (24. Rxc6 $11 {remains equal.} axb3 25. axb3) 24... Nb4 $17 {[%emt 0:01:17] Threatens to win with ...Nd3.} 25. Rcd1 {[%emt 0:02:55] Against Nd3} Rxd1 26. Rxd1 Nxa2 (26... a3 $15 27. Bc1 (27. Rd7 $2 Qe8 $19) 27... Qxe5) 27. Qf6 $2 (27. Qxc6 $2 {perishes.} a3 28. Bd4 Nb4 $17) ({Much worse is} 27. Rd7 Qe8 28. Rb7 (28. Qxc6 $2 {too greedy.} a3 $19) 28... a3 $17) (27. Ba3 $1 $11 Qxb3 28. Rd3) 27... axb3 28. Rd7 Qe8 29. Re7 Qf8 {[%emt 0:00:03] Strongly threatening ...Nb4.} 30. Rb7 Nb4 31. Qf3 Rb8 32. Rxb8 Qxb8 33. Qxb3 $19 {[%emt 0:00:02][%mdl 4096] Endgame KQB-KQN} c5 (33... Qb5 $19 {...Nd3 is the strong threat.} 34. Bc3 c5) 34. Qc4 $17 {[%emt 0:00:03] Wards off Nd3} Qb6 35. Ba3 (35. Bc1 $17) 35... Qa5 (35... h5 $19 36. Kf1 Qa5) 36. Qc3 (36. Bc1 $17) 36... Qb5 37. Bc1 Nd3 (37... Na2 $19 {and Black stays clearly on top.} 38. Qc2 Nxc1 39. Qxc1 c4) 38. Bh6 Qb1+ 39. Kg2 {[%emt 0:00:00] [#]} Ne1+ (39... Qb7+ $1 $17 40. Kg1 Qf3) 40. Kf1 $15 Nf3+ (40... Qd3+ {simplifies} 41. Qxd3 Nxd3 42. f4 c4) 41. Kg2 $1 Ne1+ 42. Kf1 Qd3+ 43. Qxd3 $1 Nxd3 {[%emt 0:00:01] KB-KN} 44. f4 f6 45. Ke2 Nb4 46. exf6 Kf7 47. Bg5 Nd5 48. Kd3 Nxf6 49. Bxf6 {[%emt 0:00:01][%mdl 8192] Now White is beyond hope.} (49. h3 $11) 49... Kxf6 $11 {[%emt 0:00:00] KP-KP. Black mates.} 50. Kc4 e5 51. fxe5+ Kxe5 52. Kxc5 {[%emt 0:00:00] KPP-KPP} Ke4 53. Kd6 Kf3 54. Ke5 Kg2 55. Kf6 Kxh2 56. g4 Kh3 57. Kg5 Kg3 {[%emt 0:00:00] Weighted Error Value: White=0.28 (precise) /Black=0.19 (very precise)} 0-1

[Event "AI Cup Div-1 2023"]
[Site "Online"]
[Date "2023.09.27"]
[Round "52.2"]
[White "Firouzja, Alireza"]
[Black "Nepomniachtchi, Ian"]
[Result "0-1"]
[Annotator "TA"]
[ECO "B51"]
[WhiteElo "2777"]
[BlackElo "2771"]
[PlyCount "104"]
[EventDate "2023.09.18"]
[EventType "k.o."]
[EventCountry "NET"]
[SourceTitle "playchess.com"]
[Source "ChessBase"]
[SourceQuality "1"]
[TimeControl "900+3"]

1. e4 c5 2. Nf3 d6 3. Bb5+ Nd7 4. a4 g6 5. O-O a6 6. Be2 {[%emt 0:00:17] B51: Sicilian: Moscow Variation (3 Bb5+) without 3...Bd7.} Bg7 7. Nc3 b6 8. d4 {[%emt 0:00:37] The position is equal.} cxd4 9. Nxd4 Ngf6 10. Nc6 Qc7 11. Nb4 Bb7 12. Nbd5 {[%emt 0:00:22] [#]} Qd8 $146 ({Predecessor:} 12... Nxd5 13. Nxd5 Qd8 14. Be3 O-O 15. Bd4 Bxd4 16. Qxd4 e5 17. Qd2 Bxd5 18. Qxd5 Nf6 {1-0 Vokhidov,S (2601)-Dominguez Perez,L (2743) Airthings Masters Play In rapid 2023 (3)}) 13. Re1 O-O 14. Bf1 Rc8 15. f3 (15. Nxf6+ $5 Nxf6 16. Nd5 $11) 15... Nxd5 16. Nxd5 e6 17. Nf4 Nc5 18. c3 Qc7 19. Be3 Rfd8 20. Qc2 Bc6 21. Nd3 (21. b4 {seems wilder.} Nxa4 22. Bxa6 Ra8 23. Rxa4 Bxa4 24. Qxa4 Qxc3 25. Kf1) 21... Bb7 22. Kh1 h5 23. Rad1 Qe7 {[%emt 0:00:20] [#]} 24. a5 $1 b5 25. Qf2 Na4 26. Bd4 Qc7 (26... e5 $142 27. Bb6 Nxb6 28. Qxb6 d5) 27. Bxg7 (27. f4 $142) 27... Kxg7 $11 28. Ra1 e5 29. Kg1 Rd7 ({Resist} 29... Qxa5 30. b3 $16) 30. c4 bxc4 31. Nxe5 {[%emt 0:00:14][%mdl 64] [#] Discovered Attack} dxe5 32. Rxa4 Rd4 33. Rc1 Rcd8 ({Better is} 33... Qd7 $11 34. Raxc4 (34. Rcxc4 Rd2 $15) 34... Rcxc4 35. Bxc4 Rd1+ 36. Rxd1 Qxd1+ 37. Qf1 Qd4+ 38. Kh1 Qxb2) 34. Rcxc4 $14 Rxc4 35. Rxc4 Qxa5 36. Qc5 Qa1 (36... Qxc5+ $14 37. Rxc5 Kf6) 37. Qxe5+ $16 Kg8 38. Rc7 Bc8 {[%emt 0:00:21] Threatens to win with ...Be6.} 39. Qf6 {[%emt 0:00:12][%csl LRd8,LRf7] Against Be6} Rf8 40. Kf2 {[%emt 0:00:16] White wants to mate with Bc4.} Be6 41. Qd4 (41. Re7 $16) 41... Rb8 $14 42. Rc2 a5 43. Rd2 (43. Be2 $5 ) 43... a4 ({Black should play} 43... Qc1 $11) 44. h4 (44. Be2 $14) 44... Kh7 $11 45. Be2 Qh1 46. Qf6 Qc1 {[%emt 0:00:01] Dodges Bd1} 47. Qd4 Rb7 {[%emt 0:00:09] And now ...Rd7 would win.} 48. Bf1 $2 (48. Qc3 $11 Qxc3 49. bxc3) 48... Rd7 $19 {[%emt 0:00:05][%mdl 64] Overworked Piece. Black is clearly winning.} 49. Qxd7 Bxd7 50. Rxd7 Qxb2+ 51. Kg3 Qb8+ 52. Kf2 Qb3 {[%emt 0:00:11] Weighted Error Value: White=0.22 (precise) /Black=0.11 (very precise)} 0-1

[Event "AI Cup Div-1 2023"]
[Site "Online"]
[Date "2023.09.27"]
[Round "52.2"]
[White "Giri, Anish"]
[Black "Mamedyarov, Shakhriyar"]
[Result "1-0"]
[Annotator "TA"]
[ECO "B01"]
[WhiteElo "2760"]
[BlackElo "2734"]
[PlyCount "47"]
[EventDate "2023.09.18"]
[EventType "k.o."]
[EventCountry "NET"]
[SourceTitle "playchess.com"]
[Source "ChessBase"]
[SourceQuality "1"]
[TimeControl "900+3"]

1. e4 d5 2. exd5 Qxd5 3. d4 Nf6 4. Nf3 Bg4 5. Be2 Nc6 6. h3 {[%emt 0:00:04] B01: Scandinavian Defence.} Bf5 (6... Bxf3 $14 {deserves consideration.} 7. Bxf3 Qd7) 7. O-O {[%emt 0:00:19] Black must now prevent c4.} e6 $1 8. c4 {[%emt 0:00:07] White is slightly better.} Qd7 9. Nc3 {[%emt 0:00:03] Strongly threatening d5.} O-O-O (9... Rd8 $1 $14) 10. Be3 $16 {[%emt 0:00:09] [#]} g5 $146 ({Predecessor:} 10... Ne4 11. Qb3 Na5 12. Qd1 f6 13. Nxe4 Bxe4 14. a3 Nc6 15. Qa4 Kb8 16. Rfd1 Be7 {0-1 Jaferian,K (2218)-Shimanov,A (2581) Titled Tuesday intern op 19th Apr Late blitz 2022 (2)}) 11. Bxg5 Be7 {[%emt 0:00:04] [#]} 12. d5 exd5 $14 13. cxd5 Nb4 (13... Nxd5 $14 14. Nxd5 Bxg5) 14. Qd4 (14. Ne5 $142 Qe8 15. Bb5) 14... c5 15. Qh4 (15. Qe5 $18 {and the rest is easy.} Nfxd5 16. Bb5) 15... Nfxd5 $16 16. Nxd5 Bxg5 17. Nxg5 Nxd5 18. Rac1 $36 {[%emt 0:00:08][%mdl 2048] White has strong initiative.} Kb8 (18... Qe7 $16) 19. Rxc5 $18 Qe7 {[%emt 0:00:01] [#] Threatens to win with ...Rhg8.} 20. Qd4 {[%emt 0:00:39] Inhibits Rhg8.} Rhg8 (20... Bg6 $142) 21. Rxd5 Rxd5 22. Qxd5 Rxg5 23. h4 Rxg2+ (23... Rg8 24. Qxf5 Qxe2) 24. Qxg2 {[%emt 0:00:03] Weighted Error Value: White=0.36/Black=0.59} 1-0

[Event "AI Cup Div-1 2023"]
[Site "Online"]
[Date "2023.09.27"]
[Round "52.3"]
[White "Nepomniachtchi, Ian"]
[Black "Firouzja, Alireza"]
[Result "1-0"]
[Annotator "TA"]
[ECO "E54"]
[WhiteElo "2771"]
[BlackElo "2777"]
[PlyCount "75"]
[EventDate "2023.09.18"]
[EventType "k.o."]
[EventCountry "NET"]
[SourceTitle "playchess.com"]
[Source "ChessBase"]
[SourceQuality "1"]
[TimeControl "900+3"]

1. d4 Nf6 2. c4 e6 3. Nc3 Bb4 4. e3 O-O 5. Bd3 d5 6. Nf3 dxc4 7. Bxc4 c5 8. O-O cxd4 9. exd4 b6 10. Qe2 Bb7 11. Rd1 h6 {[%emt 0:00:06] Prevents Bg5. E54: Nimzo-Indian: Rubinstein: Main Line: 7...dxc4 8 Bxc4.} 12. Rd3 $5 {[%emt 0:00:04][%mdl 4] An interesting side line.} Nc6 13. Ne5 Ne7 {[%emt 0:00:55] [#] The position is equal.} ({Much less strong is} 13... Nxd4 14. Qe3 Bc5 15. b4 $14) 14. a3 $146 ({Predecessor:} 14. Rg3 Nf5 15. Nxf7 Rxf7 16. Qxe6 Qe7 17. Qxe7 Bxe7 18. Rd3 Rd8 19. Bxf7+ Kxf7 20. Be3 {0-1 Iniyan,P (2516)-Sadhwani,R (2616) MPL Indian Chess Tour N1 rapid 2022 (4)}) 14... Bxc3 15. bxc3 Rc8 16. Rh3 Nf5 17. Bd2 Ne4 {[%emt 0:00:13][%cal Of5d4] ...Nxd4! is the strong threat.} 18. Re1 Nxd2 19. Qxd2 Rxc4 {[%emt 0:00:36][%mdl 64] Remove Defender} 20. Nxc4 Bxg2 $1 {[%emt 0:00:04][%mdl 64] Decoy} 21. Kxg2 Qd5+ 22. Kg1 Qxc4 23. Re5 Rd8 24. Qe2 Qxe2 (24... Qb3 $15 25. Kg2 Qxa3) 25. Rxe2 $15 {[%emt 0:00:06][%cal Be5e2,Be2c2,Bc2c5][%mdl 4128] Endgame KRR-KRN} Ne7 26. Rc2 Nc6 27. Rh4 Rd5 {[%emt 0:00:10] [#]} (27... f6 $14) 28. c4 $1 $16 Rxd4 {[%emt 0:00:12][%mdl 8192] Black cannot hold the game after this.} (28... Rd7 $16) 29. Rxd4 $18 Nxd4 $16 {[%emt 0:00:03] [#] KR-KN} 30. c5 $1 bxc5 (30... Nxc2 $2 31. c6 $18) 31. Rxc5 e5 $2 (31... Kf8 32. Ra5 Ke8 33. Rxa7 Nb5 34. Ra8+ Kd7) 32. Ra5 e4 33. Rxa7 Nf3+ 34. Kg2 Nh4+ 35. Kh1 f5 36. a4 {[%emt 0:00:03][%cal Ba3a4,Ba4a5][%mdl 32] Threatening mate with a5.} Kf8 37. a5 f4 38. Rb7 {[%emt 0:00:05] Weighted Error Value: White=0.03 (flawless) /Black=0.56} 1-0

[Event "AI Cup Div-1 2023"]
[Site "Online"]
[Date "2023.09.28"]
[Round "53.1"]
[White "Giri, Anish"]
[Black "Nepomniachtchi, Ian"]
[Result "1/2-1/2"]
[Annotator "TA"]
[ECO "C43"]
[WhiteElo "2760"]
[BlackElo "2771"]
[PlyCount "95"]
[EventDate "2023.09.18"]
[EventType "k.o."]
[EventCountry "NET"]
[SourceTitle "playchess.com"]
[Source "ChessBase"]
[SourceQuality "1"]
[TimeControl "900+3"]

1. e4 e5 2. Nf3 Nf6 3. d4 Nxe4 4. Bd3 d5 5. Nxe5 Nd7 6. Nc3 Nxc3 7. bxc3 Nxe5 8. dxe5 Bc5 {[%emt 0:00:01] C43: Petroff Defence: 3 d4.} 9. O-O O-O 10. Rb1 (10. Qh5 $5 g6 $8 11. Qh6 $11) 10... Qh4 {[%emt 0:00:13] The position is equal.} (10... Re8 {simplifies} 11. Re1 c6 12. Qf3 b5) 11. Qf3 {[%emt 0:00:06] [#]} b6 $146 ({Predecessor:} 11... c6 12. Be3 b6 13. h3 Re8 14. Rfe1 Bf8 15. Bf4 Be6 16. a4 Qe7 17. Qg3 Qd7 {1-0 Oparin,G (2667)-Gledura,B (2644) USA-chT College final 2023 (3.1)}) 12. Qxd5 Be6 13. Qe4 {[%emt 0:00:06] Dancing on a razor blade.} Qxe4 14. Bxe4 Rad8 15. a4 h6 {[%emt 0:00:03] [#]} 16. a5 bxa5 (16... Bc4 $5 17. Re1 Rfe8 $15) 17. Ra1 Bc4 18. Re1 Rfe8 19. Bf4 g5 20. Rxa5 Bb6 21. Ra4 gxf4 (21... Bb5 $5 22. Rb4 $8 gxf4 23. Rxb5 Rd2 $11) 22. Rxc4 Rxe5 {[%emt 0:00:15] [#] Hoping for ...f5.} 23. Kf1 {[%emt 0:00:18][%cal Oe4h7] And now Bh7+! would win.} Rde8 24. Re2 R8e6 25. Bf3 Rxe2 26. Bxe2 $11 {[%emt 0:00:00][%mdl 4096] Endgame KRB-KRB} Rf6 27. Bg4 a5 28. Ke2 Kg7 29. Kf3 Rd6 30. Ke2 Rf6 31. Kf3 Kg6 32. Bd7 (32. Rxf4 $2 {perishes.} a4 $19) 32... Rd6 33. Rc6 Rxc6 34. Bxc6 {[%emt 0:00:01] KB-KB} Kf5 35. Ke2 Ke5 36. f3 Bg1 37. h3 Kf6 {[%emt 0:00:29] Black is slightly better.} 38. Be8 Kg5 39. Bxf7 a4 40. Be8 a3 {[%emt 0:00:01][%mdl 1024] ( -> ...a2). Black has compensation.} 41. Bf7 Bb6 42. Ba2 Kh4 43. Bb3 Kg3 44. Kf1 Ba5 45. Ba2 Bxc3 46. Bb3 Kh4 47. Ke2 Be5 48. Ba2 {[%emt 0:00:01] Weighted Error Value: White=0.07 (flawless) /Black=0.04 (flawless)} 1/2-1/2

[Event "AI Cup Div-1 2023"]
[Site "Online"]
[Date "2023.09.28"]
[Round "53.2"]
[White "Nepomniachtchi, Ian"]
[Black "Giri, Anish"]
[Result "1-0"]
[Annotator "TA"]
[ECO "C65"]
[WhiteElo "2771"]
[BlackElo "2760"]
[PlyCount "109"]
[EventDate "2023.09.18"]
[EventType "k.o."]
[EventCountry "NET"]
[SourceTitle "playchess.com"]
[Source "ChessBase"]
[SourceQuality "1"]
[TimeControl "900+3"]

1. e4 e5 2. Nf3 Nc6 3. Bb5 Nf6 4. d3 Bc5 5. Bxc6 dxc6 6. c3 {[%emt 0:00:01] C65: Ruy Lopez: Berlin Defence (3...Nf6), unusual lines and 4 0-0 Bc5.} Bd6 {[%emt 0:00:10] [#]} 7. Nbd2 $146 ({Predecessor:} 7. O-O Bg4 8. h3 Bh5 9. Nbd2 Nd7 10. d4 exd4 11. cxd4 O-O 12. Re1 Re8 13. Nc4 Nb6 14. Nxd6 Qxd6 {0-1 Paravyan,D (2589)-Jakovenko,D (2730) RUS Cup final 2017 (2.2)}) 7... Be6 8. Ng5 {[%emt 0:00:17] The position is equal.} Bg4 9. Qb3 O-O 10. h3 Bc8 11. Nc4 Nd7 12. Qc2 Nb6 13. Nxd6 cxd6 14. f4 exf4 15. Bxf4 h6 16. Nf3 f5 17. Bh2 fxe4 18. dxe4 Bxh3 {[%emt 0:00:18][%mdl 64] Deflection} 19. O-O-O d5 20. Be5 $1 Bg4 21. exd5 Bf5 {[%emt 0:00:00] Dodges Qg6. Black is weak on the dark squares} (21... Qe7 $11 22. Rde1 (22. d6 Qe6 $15) 22... Bf5) 22. Qf2 $1 $16 Qe8 23. Qg3 {[%emt 0:03:46] White is much more active.} (23. dxc6 $16 Qxc6 24. Rh4) 23... Qg6 $1 $14 24. Qxg6 Bxg6 25. dxc6 bxc6 26. Rd6 Be4 27. Rh4 Bxf3 28. gxf3 Rae8 ({Black should play} 28... Rf5 $1 $11 29. f4 Nc4 30. Rxc6 Nxe5 31. fxe5 Rxe5) 29. Bd4 $1 Rxf3 30. Rg6 (30. Rg4 $5 c5 31. Bxc5 $14 (31. Rxg7+ Kf8 $14)) 30... Rf7 (30... c5 $11 {remains equal.} 31. Rxg7+ (31. Bxg7 Kf7 $11) 31... Kf8 32. Rxh6 (32. Rh7 cxd4 33. Rxd4 Rf2 $17) 32... cxd4 33. Rxa7 Rf1+ 34. Kc2 d3+ 35. Kxd3 (35. Kb3 Re7 $11) 35... Nd7) 31. Rhxh6 (31. Rhg4 $1 $16) 31... Nd7 (31... c5 $11 32. Bxc5 Rf1+ 33. Kc2 Kf7 34. Rxb6 axb6 35. Rxb6 g5) 32. Rg2 {[%emt 0:00:44][%cal Oh6g6] Rhg6! would be deadly.} (32. Bxa7 $2 {is the wrong capture.} Rf1+ 33. Kc2 Kf7 $19) 32... c5 33. Bg1 Ne5 {[%emt 0:00:08] Hoping for ...Rf1+.} 34. Kc2 Nf3 {[%emt 0:00:02] Threatens to win with ...Ne1+.} 35. Kb3 Rb7+ 36. Ka3 Nxg1 37. Rxg1 $11 {[%emt 0:00:03][%mdl 4096] Endgame KRR-KRR} Re2 38. b3 c4 39. Rc6 cxb3 40. axb3 Re5 41. Rg4 (41. Ka4 $14) 41... g5 42. Ka4 Kg7 43. b4 Rf7 (43... Reb5 $14) 44. Ra6 $16 Ref5 {[%emt 0:00:05] [#]} 45. c4 $1 Kh7 {[%emt 0:00:01] [#]} (45... Rb7 $142) 46. c5 (46. Rc6 $1 $16) 46... Rg7 $2 {[%emt 0:00:01][%mdl 8192] This move loses the game for Black.} (46... Rf4 $1 $14 47. Rxg5 Rb7) 47. Rd6 $18 Rf1 48. c6 Rc1 49. Kb5 {[%emt 0:00:01] aiming for Rd7.} Rg6 50. Rxg6 {[%emt 0:00:07] White mates.} Kxg6 51. Rc4 a6+ 52. Kc5 $1 (52. Kxa6 {is a self mate.} Rxc4 53. c7 Rxc7 54. b5 g4 55. b6 Rc6 56. Ka7 g3 57. b7 g2 58. b8=Q g1=Q+ 59. Ka8 Ra6+ 60. Kb7 Rb6+ 61. Kc8 Rxb8+ 62. Kxb8 Qb1+ 63. Kc7 Qb5 64. Kc8 Kf6 65. Kc7 Ke7 66. Kc8 Kd6 67. Kd8 Qd7#) 52... Rf1 53. c7 Rf8 54. Kb6 Rc8 55. Kb7 {[%emt 0:00:01] Weighted Error Value: White=0.10 (very precise) /Black=0.33} 1-0

[Event "AI Cup Div-1 2023"]
[Site "Online"]
[Date "2023.09.28"]
[Round "54.1"]
[White "Vachier-Lagrave, Maxime"]
[Black "Nepomniachtchi, Ian"]
[Result "1-0"]
[Annotator "TA"]
[ECO "C42"]
[WhiteElo "2727"]
[BlackElo "2771"]
[PlyCount "103"]
[EventDate "2023.09.18"]
[EventType "k.o."]
[EventCountry "NET"]
[SourceTitle "playchess.com"]
[Source "ChessBase"]
[SourceQuality "1"]
[TimeControl "900+3"]

1. e4 e5 2. Nf3 Nf6 3. Nxe5 d6 4. Nd3 Nxe4 5. Qe2 Qe7 6. Nf4 {[%emt 0:00:00] Hoping for Nd5. C42: Petroff Defence: 3 Nxe5 and unusual White 3rd moves.} Nf6 {[%emt 0:00:04] Wards off Nd5} 7. d4 Qxe2+ 8. Bxe2 {[%emt 0:00:01] The position is equal.} Nc6 9. c3 d5 10. f3 Nd8 {[%emt 0:00:11] [#]} 11. Kf2 $146 ({Predecessor:} 11. g4 Ne6 12. h4 Bd6 13. Nxe6 Bxe6 14. h5 h6 15. Na3 a6 16. Nc2 O-O-O 17. Bd3 {½-½ Deac,B (2621)-Li,D (2523) Belt and Road Hunan op-A 2019 (8)}) 11... Bd6 12. Na3 c6 {[%emt 0:00:06] Wards off Nb5} 13. Nc2 Bf5 14. Nd3 h5 15. Bg5 Nd7 16. Ne3 Bh7 17. Bf4 (17. Bh4 {simplifies} Ne6 18. Bg3 Bxd3 19. Bxd3 Bxg3+ 20. hxg3 Ke7 21. Bf5) 17... Ke7 18. Bxd6+ Kxd6 19. Nf4 (19. h4 {simplifies} Bxd3 20. Bxd3 Ne6 21. a4) 19... h4 20. g3 g5 21. Nfg2 h3 22. Ne1 Ne6 23. Bd3 Raf8 24. Bf5 (24. Bxh7 {simplifies} Rxh7 25. Nf5+ Kc7 26. Nd3) 24... Bg8 25. Nd3 Ng7 26. Bxd7 (26. Rhe1 {is interesting.} Bh7 27. Bxh7 Rxh7 28. c4) 26... Kxd7 {[%emt 0:00:03] Black is weak on the dark squares} 27. Ng4 f6 28. Nc5+ Kc8 $1 29. Rhe1 {[%emt 0:00:04] Re7 would be deadly.} Rh7 (29... b6 $1 $11 30. Re7 Rf7 31. Rxf7 Bxf7) 30. Re2 {[%emt 0:01:19] White has more active pieces. The black rooks are badly placed.} (30. a4 $1 $16) 30... b6 $1 $14 31. Nd3 $36 {[%emt 0:00:01][%mdl 2048] And now Rae1 would win. White has good play. A dynamic duo of knights.} Kd7 32. a4 a5 {[%emt 0:00:22] [#]} (32... Kd6 $14) 33. b4 $1 $16 {[%emt 0:00:28] aiming for bxa5.} axb4 34. Nxb4 {[%emt 0:00:06] Strongly threatening a5.} c5 $2 {[%emt 0:01:17] A mistake that costs the game.} (34... Kd6 $16) 35. Nd3 cxd4 36. cxd4 Ne6 37. Rb2 Nxd4 38. Rxb6 Re7 39. Ra2 {[%emt 0:00:37] Prevents Re2+.} ({Don't play} 39. Nxf6+ $6 Kc7 40. Rab1 Re2+ 41. Kf1 Rc2) (39. Rxf6 Rxf6 40. Nxf6+ Kd6 $16) 39... Be6 {[%emt 0:00:21] [#]} 40. Ne3 Ra8 (40... Rc8 $142 41. Nb4 f5) 41. a5 $18 Ke8 42. a6 Kf7 43. Nc5 Raa7 $2 (43... Bc8 44. Nxd5 Re5 45. Rxf6+ Kg7) 44. Rd2 {[%emt 0:00:39] White is clearly winning.} Rec7 45. Nb7 Nc6 {[%emt 0:00:14] [#]} 46. Rxc6 $1 {[%emt 0:00:04][%mdl 576] Remove Defender, Decoy} Rxc6 47. Nd8+ (47. Nxd5 $2 {too greedy.} Bxd5 48. Nd8+ Kg6 49. Nxc6 Bxc6 $19) 47... Kg7 48. Nxc6 Rxa6 49. Nd4 Bf7 50. g4 Kg6 51. Kg3 Ra3 52. Nef5 {[%emt 0:00:02] Weighted Error Value: White=0.14 (very precise) /Black=0.32} 1-0

[Event "AI Cup Div-1 2023"]
[Site "Online"]
[Date "2023.09.28"]
[Round "54.2"]
[White "Nepomniachtchi, Ian"]
[Black "Vachier-Lagrave, Maxime"]
[Result "0-1"]
[Annotator "TA"]
[ECO "B31"]
[WhiteElo "2771"]
[BlackElo "2727"]
[PlyCount "92"]
[EventDate "2023.09.18"]
[EventType "k.o."]
[EventCountry "NET"]
[SourceTitle "playchess.com"]
[Source "ChessBase"]
[SourceQuality "1"]
[TimeControl "900+3"]

1. e4 c5 2. Nf3 Nc6 3. Bb5 g6 4. O-O Bg7 5. Re1 Nf6 6. Bxc6 dxc6 7. h3 {[%emt 0:00:04] B31: Sicilian: 2...Nc6 3 Bb5 g6.} Nd7 8. e5 Nf8 9. d3 {[%emt 0:00:04] The position is equal.} Ne6 10. b3 O-O 11. a4 {[%emt 0:00:05][%cal Ba2a4,Ba4a5][%mdl 32] [#]} Nd4 $146 ({Predecessor:} 11... a5 12. Bb2 b6 13. Nbd2 Ra7 14. Ne4 Nd4 15. Ned2 Be6 16. Bxd4 cxd4 17. Ng5 Bd5 {½-½ Rodriguez Fraga,Y (2440)-Martello,J (2355) WZ-ch C02 email 2019}) 12. Nbd2 Be6 13. Bb2 b6 14. a5 Qd7 15. Ra4 b5 16. Ra1 Bd5 17. Ba3 Ne6 18. Ne4 b4 19. Bb2 f5 20. exf6 exf6 21. Qd2 Rae8 (21... f5 $5 22. Bxg7 Qxg7 $15) 22. Rad1 f5 23. Bxg7 Qxg7 24. Neg5 {[%emt 0:00:18] Strongly threatening Nxe6.} (24. Nd6 Rd8 25. Nc4 Bxf3 26. Rxe6 Bxd1 27. Qxd1 Rfe8 28. Rxc6 Qc3 $17) 24... Nxg5 (24... Nc7 $5 25. Nh2 Nb5 $11) 25. Nxg5 h6 26. Nf3 Bxf3 27. gxf3 g5 {[%emt 0:00:01] Wards off Qf4} 28. Re3 (28. Rxe8 $14 Rxe8 29. d4) 28... g4 (28... Qd4 $1 $11 {remains equal.}) 29. Kh1 (29. fxg4 $16 {And now Rxe8 would win.} Rxe3 30. Qxe3) 29... h5 (29... gxh3 $2 30. Rg1 $18) (29... Qg5 $1 $14) 30. Rde1 (30. Qe2 $1 $18 Rxe3 31. Qxe3) 30... Qg5 $16 {[%emt 0:00:28] [#]} (30... gxh3 $2 31. Rg1 $18 (31. Rxe8 $2 Qg2#) (31. Rxe8 $2 Qg2#)) 31. Qe2 (31. a6 $1 $16) 31... Rxe3 $14 (31... gxh3 $2 32. Rg1 $18 (32. Rxe8 $2 Qg2#) (32. Rxe8 $2 Qg2#)) 32. Qxe3 {[%emt 0:00:00][%mdl 4096] Endgame KQR-KQR} Qh4 {[%emt 0:00:41] [#]} (32... Qxe3 $11 33. Rxe3 gxf3) 33. Qe6+ (33. Qxc5 Qxh3+ 34. Kg1 g3 35. Qc4+ Kh8 36. Qd4+ Kg8 37. Qc4+ (37. Qxb4 $2 Qh2+ 38. Kf1 Qxf2#) 37... Kh8 38. Qd4+ Kg8 39. Qc4+ $11 (39. Qxb4 $2 Qh2+ 40. Kf1 Qxf2#)) (33. Kg1 $1 $18) 33... Rf7 $2 (33... Kg7 $16 {is tougher.}) 34. Qg6+ (34. Qxc6 Qxh3+ 35. Kg1 gxf3 36. Qg6+ (36. Qxc5 $2 Rg7#) 36... Kf8 $11) 34... Kf8 35. Qd6+ $2 (35. Qxc6 Qxh3+ 36. Kg1 gxf3 37. Qd6+ Kg7 $17) (35. Qh6+ Rg7 36. Qd6+ (36. Qxc6 $2 Qxh3+ 37. Kg1 gxf3+ {[%mdl 64] Discovered Attack}) 36... Kg8 $18) ({Better is} 35. f4 $18 {Black must now prevent Qh6+.} g3 36. fxg3 Qxh3+ 37. Kg1) 35... Kg7 36. Re6 {[%emt 0:00:05] Rg6+ would kill now.} Qxf2 (36... gxh3 37. Rg6+ (37. Qxc5 Qg5 $16) 37... Kh7 38. Rh6+ (38. Qxc6 Qf4 $11) 38... Kg8 39. Qg6+ Kf8 40. Rh8+ (40. Qxh5 Qxf2 41. Rh8+ Ke7 $11) 40... Ke7 41. Qxc6 (41. Rxh5 Qxf2 42. Rh6 Qxf3+ 43. Kh2 Qd5 $11)) (36... Qxh3+ 37. Kg1 gxf3 38. Rg6+ Kh7 39. Rh6+ Kg7 40. Qg6+ (40. Qxc6 $2 Qg2#) 40... Kf8 41. Rh8+ (41. Qxc6 $2 Qg2#) 41... Ke7 42. Qg5+ (42. Qxh5 $2 Qg2#) 42... Kd6 43. Qd8+ (43. Qxh5 $2 Qg2#) (43. Qg6+ Ke5 $11) 43... Rd7 44. Rh6+ Ke5 45. Qe8+ Kd4 46. Qh8+ Kd5 47. Qg8+ (47. Rxh5 $2 Qg2#) 47... Ke5 48. Qe6+ (48. Rxc6 $2 Qg4+ 49. Qxg4 fxg4 $19) 48... Kf4 49. Qe3+ (49. Qxd7 $2 Qg2#) 49... Kg4 50. Rg6+ Kh4 51. Qg5#) 37. Rg6+ Kh7 38. Rh6+ Kg7 {[%emt 0:00:00] Some like it hot} 39. Qg6+ $40 {[%emt 0:00:11][%mdl 128] White attacks.} Kf8 {[%emt 0:00:01] ...Qf1+ would be deadly.} 40. Rh8+ Ke7 41. Qg5+ Kd6 $1 42. Qd8+ $2 (42. fxg4 $11 Qf3+ 43. Kh2 Qf2+ 44. Kh1) 42... Ke5 $19 {[%emt 0:00:04] ( -> ...Kf4)} 43. Re8+ Kf4 {[%emt 0:00:01] Black mates.} 44. Qd6+ Kxf3 45. Qxc6+ Kg3 46. Qd6+ f4 {[%emt 0:00:02] Quite a comeback for Black.   Weighted Error Value: White=0.58/Black=0.33} 0-1